 Dungeon Crawl Stone Soup version 0.31-a0-1002-g8e65716e6e (webtiles) character file.

Game seed: 9436120955020487219

73932 BinkBink the Spry (level 15, -12/139 HPs)
             Began as a Minotaur Monk on Nov 9, 2023.
             Was the Champion of Qazlal.
             Mangled by a +2 halberd of flaming (15 damage)
             ... on level 1 of the Elven Halls.
             The game lasted 00:42:10 (23649 turns).

BinkBink the Spry (Minotaur Monk)                  Turns: 23649, Time: 00:42:11

Health: -12/139    AC: 18    Str: 22    XL:     15   Next: 5%
Magic:  14/14      EV: 23    Int: 11    God:    Qazlal [******]
Gold:   931        SH:  8    Dex: 26    Spells: 14/14 levels left

rFire   . . .        U - +4 great sword "Killer Bee's Death" {heavy, +Blink}
rCold   x . .        (shield currently unavailable)
rNeg    . . .        q - +1 chain mail "Okkueg" {rC- Int+4 Dex+6}
rPois   .            (helmet restricted)
rElec   .            V - scarf {shadows}
rCorr   .            u - +0 pair of gloves
SInv    .            (no boots)
Will    ++...        (no amulet) Stlth
                     a - ring of willpower
HPRegen 0.43/turn    W - +6 ring of strength
MPRegen 0.14/turn

%: repel missiles
@: protected from physical damage
A: horns 2, retaliatory headbutt
a: Renounce Religion, Evoke Blink, Upheaval, Elemental Force, Disaster Area


You were on level 1 of the Elven Halls.
You worshipped Qazlal.
Qazlal was exalted by your worship.
You visited 6 branches of the dungeon, and saw 22 of its levels.

You collected 2146 gold pieces.
You spent 1215 gold pieces at shops.

Inventory:

Hand Weapons
 D - a +2 scimitar
 J - a +3 falchion
 M - a +0 triple sword of draining
 N - the +7 rapier of the Beastly God {flame, rN+}
   (You found it on level 8 of the Dungeon)

   rN+:       It protects you from negative energy.
 O - a +2 falchion of holy wrath
 U - the +4 great sword "Killer Bee's Death" (weapon) {heavy, +Blink}
   (You acquired it on level 12 of the Dungeon)

   +Blink:    It lets you blink.
Armour
 d - an orb of light
 q - the +1 chain mail "Okkueg" (worn) {rC- Int+4 Dex+6}
   (You bought it in a shop on level 2 of the Orcish Mines)

   Int+4:     It affects your intelligence (+4).
   Dex+6:     It affects your dexterity (+6).
   rC-:       It makes you vulnerable to cold.
 u - a +0 pair of gloves (worn)
 L - a +0 kite shield
 V - a scarf of shadows (worn)
Jewellery
 a - a ring of willpower (left hand)
 i - a ring of see invisible
 W - a +6 ring of strength (right hand)
Wands
 w - a wand of mindburst (31)
 B - a wand of paralysis (23)
 E - a wand of iceblast (10)
 G - a wand of flame (71)
 P - a wand of light (1)
 T - a wand of polymorph (3)
Scrolls
 c - a scroll of amnesia {unknown}
 g - a scroll of vulnerability
 h - 3 scrolls of noise
 m - 2 scrolls of enchant weapon
 r - 2 scrolls of immolation
 s - 2 scrolls of brand weapon
 t - 4 scrolls of enchant armour
 v - 6 scrolls of teleportation
 x - 3 scrolls of silence {unknown}
 y - 3 scrolls of fog {unknown}
 C - 4 scrolls of revelation {unknown}
 F - a scroll of poison {unknown}
 R - 3 scrolls of fear {unknown}
 S - 4 scrolls of identify
Potions
 b - 5 potions of mutation {unknown}
 f - a potion of ambrosia
 k - 3 potions of lignification {unknown}
 l - 3 potions of haste
 n - 3 potions of brilliance {unknown}
 o - 3 potions of berserk rage {unknown}
 p - 7 potions of curing
 z - 2 potions of resistance {unknown}
 A - 2 potions of invisibility {unknown}
 H - 2 potions of attraction {unknown}
 I - 4 potions of cancellation {unknown}
 K - 2 potions of enlightenment {unknown}
 X - a potion of magic {unknown}
 Y - 2 potions of might {unknown}


   Skills:
 + Level 14.9 Fighting
 + Level 14.9 Long Blades
 + Level 14.4 Armour
 * Level 18.7 Dodging


You had 14 spell levels left.
You didn't know any spells.
Your spell library contained the following spells:

 Spells                   Type           Power      Damage    Failure   Level
 Apportation              Tloc           0%         N/A       80%         1
 Magic Dart               Conj           0%         1d3       80%         1
 Cigotuvi's Dreadful Rot  Necr/Pois/Air  0%         N/A       91%         2
 Ensorcelled Hibernation  Hex/Ice        0%         N/A       91%         2
 Jinxbite                 Hex            0%         N/A       91%         2
 Searing Ray              Conj           0%         2d4       91%         2
 Sublimation of Blood     Necr           0%         N/A       91%         2
 Wereblood                Tmut           0%         N/A       91%         2
 Dazzling Flash           Conj/Hex       0%         N/A       99%         3
 Anguish                  Hex/Necr       0%         N/A       100%        4
 Cause Fear               Hex            0%         N/A       100%        4
 Fulminant Prism          Conj/Hex       0%         3d5       100%        4
 Olgreb's Toxic Radiance  Pois           0%         N/A       100%        4
 Agony                    Necr           0%         N/A       100%        5
 Alistair's Intoxication  Tmut/Pois      0%         N/A       100%        5
 Silence                  Hex/Air        0%         N/A       100%        5
 Simulacrum               Ice/Necr       0%         N/A       100%        6
 Enfeeble                 Hex            0%         N/A       100%        7
 Summon Hydra             Summ           0%         N/A       100%        7
 Borgnjor's Revivificati  Necr           0%         N/A       100%        8
 Discord                  Hex            0%         N/A       100%        8
 Ignition                 Fire           0%         3d3       100%        8


Dungeon Overview and Level Annotations

Branches:
Dungeon (12/15)            Temple (1/1) D:4            Lair (5/5) D:8
  Swamp (0/4) Lair:2        Snake (1/4) Lair:2        Slime (0/5) Lair:5
    Orc (2/2) D:12            Elf (1/3) Orc:2

Altars:
Ashenzari
Cheibriados
Dithmenos
Elyvilon
Fedhas
Gozag
Hepliaklqana
Kikubaaqudgha
Makhleb
Nemelex Xobeh
Okawaru
Qazlal
Ru
Sif Muna
Trog
Uskayaw
Vehumet
Wu Jian
Xom
Yredelemnul
Zin
The Shining One
Jiyva

Shops:
D:1 !?*:   D:2 ****(   D:3 [   D:5 (   Orc:2 *==*

Annotations:
D:6 2 runed translucent doors
D:11 2 transporters, tish's ghost, journeyman MiBe
Orc:1 Nergalle


Innate Abilities, Weirdness & Mutations

You have a pair of horns on your head.
You reflexively headbutt those who attack you in melee.


Message History

Qazlal accepts your kill.
The +2 halberd of flaming hits you but does no damage.
The +2 halberd of flaming hits you from afar!
You feel protected from physical attacks.
The +2 halberd of flaming burns you. The +2 halberd of flaming hits you!!
The +2 halberd of flaming burns you. The +2 halberd of flaming hits you.
You feel more protected from physical attacks.
Your resistance to physical damage fades away.
You feel protected from fire. The +2 halberd of flaming burns you.
You completely miss the +2 halberd of flaming.
You headbutt the +2 halberd of flaming.
The +2 halberd of flaming is lightly damaged.
The +2 halberd of flaming hits you! The +2 halberd of flaming burns you.
The +2 halberd of flaming hits you!! The +2 halberd of flaming burns you.
You are too injured to fight recklessly!
Unknown command.
You are too injured to fight recklessly!
You are too injured to fight recklessly!
Unknown command.
You are too injured to fight recklessly!
You barely miss the +2 halberd of flaming.
You headbutt the +2 halberd of flaming!
The +2 halberd of flaming is heavily damaged.
The +2 halberd of flaming hits you!!
* * * LOW HITPOINT WARNING * * *
The +2 halberd of flaming burns you.
* * * LOW HITPOINT WARNING * * *
The +2 halberd of flaming hits you!!
* * * LOW HITPOINT WARNING * * *
Your resistance to fire fades away.
You feel protected from physical attacks.
The +2 halberd of flaming burns you.
* * * LOW HITPOINT WARNING * * *
Okay, then.
You slice the +2 halberd of flaming!!
The +2 halberd of flaming is almost destroyed.
The +2 halberd of flaming hits you!
You die...

##+#
##$§.##
#+....☼##
#.....@.#
....8§(..#
...8.8☼○§#
....8....#
#.......##
+#....$##
##...##


You could see a +2 halberd of flaming.

Vanquished Creatures
  A dire elephant (Lair:5)
  An eleionoma (Lair:2)
  A deep elf death mage (Elf:1)
  Fannar (Orc:1)
  2 hydras (Lair:5)
  A catoblepas (Lair:5)
  3 anacondas (Snake:1)
  2 boulder beetles
  2 two-headed ogres (D:12)
  A dancing weapon (Elf:1)
  11 death yaks
  A naga warrior (Lair:2)
  6 orc high priests
  A spectral dire elephant (Lair:5)
  A naga sharpshooter (Lair:2)
  A spectral anaconda (Lair:5)
  2 spectral death yaks (Lair:5)
  A skyshark (Lair:4)
  An obsidian statue (Lair:5)
  Pikel (D:4)
  2 deep elf pyromancers
  2 mana vipers
  4 necromancers (Lair:5)
  An oklob plant (Lair:5)
  A salamander (Snake:1)
  A manticore (Lair:3)
  A large abomination (Elf:1)
  A dire elephant zombie (Lair:5)
  24 elephants
  3 cyclopes
  9 black mambas
  Maurice (D:8)
  13 cane toads
  3 rime drakes
  2 kobold demonologists (D:12)
  A torpor snail (Lair:3)
  8 komodo dragons
  A queen bee (Lair:3)
  3 polar bears
  Grinder (D:4)
  6 trolls
  6 blink frogs
  Sigmund (D:4)
  4 shadows
  A fire elemental (Elf:1)
  7 wyverns
  A wraith (D:12)
  50 yaks
  4 basilisks
  2 steam dragons
  5 vampire mosquitoes (D:12)
  Menkaure (D:4)
  3 nagas (Lair:2)
  4 wargs (Orc:2)
  A spectral cane toad (Lair:5)
  7 water moccasins
  2 acid dragons
  9 orc warriors
  7 black bears
  An elephant zombie (Lair:5)
  5 centaurs
  3 ogres
  6 wolves
  2 elephant skeletons (Lair:5)
  4 lemures
  2 phantoms
  3 elf zombies (Elf:1)
  7 kobold brigands
  4 gnoll sergeants
  4 scorpions (D:6)
  12 bullfrogs
  10 wights
  35 killer bees
  2 elephant simulacra (Lair:5)
  5 howler monkeys
  4 electric eels
  4 jellies
  2 hounds
  32 orc priests
  An iron imp (D:3)
  2 gnoll boudas
  2 sleepcaps
  An iguana (D:7)
  13 orc wizards
  27 gnolls
  11 adders
  A shadow imp (D:6)
  A white imp (D:6)
  2 worms (D:5)
  3 dart slugs (D:1)
  62 orcs
  8 ball pythons
  13 endoplasms
  3 giant cockroaches
  6 goblins
  5 hobgoblins
  4 jackals (D:1)
  2 quokkas
  8 bats
  A frilled lizard (D:2)
  18 kobolds
  8 rats
  A butterfly (D:4)
594 creatures vanquished.

Notes
Turn   | Place    | Note
-------+----------+-------------------------------------------
     0 | D:1      | BinkBink the Minotaur Monk began the quest for the Orb.
     0 | D:1      | Reached XP level 1. HP: 19/19 MP: 0/0
    83 | D:1      | Reached XP level 2. HP: 27/27 MP: 1/1
   231 | D:1      | Found Iraahypp's Assorted Antiques.
   286 | D:1      | Found Zeinto's Magic Scroll Emporium.
   296 | D:1      | Reached skill level 1 in Armour
   319 | D:1      | Found Vahaskyutz's Distillery.
   391 | D:1      | Reached XP level 3. HP: 30/33 MP: 2/2
   430 | D:1      | Found Giplil's Assorted Antiques.
   445 | D:1      | Found Keipn's Book Boutique.
   491 | D:1      | Reached skill level 4 in Dodging
   654 | D:2      | Found Uroluamp's Antique Weapon Shop.
   809 | D:2      | Found Yfeoveskaz's Assorted Antiques.
   836 | D:2      | Found Idant's General Store.
   951 | D:2      | Reached XP level 4. HP: 40/40 MP: 3/3
   978 | D:2      | Found Hyzulix's General Store.
  1074 | D:2      | Found Voabaurgh's Assorted Antiques.
  1349 | D:3      | Found a snail-covered altar of Cheibriados.
  1476 | D:3      | Reached XP level 5. HP: 42/47 MP: 4/4
  1482 | D:3      | Reached skill level 5 in Dodging
  1757 | D:3      | Found a shimmering blue altar of Sif Muna.
  1974 | D:3      | Found Ojaoch's Antique Armour Boutique.
  2201 | D:4      | Noticed Pikel
  2201 | D:4      | Noticed a lemure
  2201 | D:4      | Noticed a lemure
  2201 | D:4      | Noticed a lemure
  2201 | D:4      | Noticed a lemure
  2233 | D:4      | Found a staircase to the Ecumenical Temple.
  2234 | D:4      | Noticed Menkaure
  2521 | D:4      | Killed Menkaure
  2522 | D:4      | Reached skill level 5 in Fighting
  2522 | D:4      | Reached skill level 5 in Long Blades
  2522 | D:4      | Reached XP level 6. HP: 16/56 MP: 5/5
  3125 | D:4      | HP: 2/56 [Pikel/+1 whip of freezing (2)]
  3126 | D:4      | Killed Pikel
  3127 | D:4      | Reached skill level 6 in Dodging
  3127 | D:4      | Reached XP level 7. HP: 2/62 MP: 6/6
  3362 | Temple   | Entered the Ecumenical Temple
  3397 | Temple   | Became a worshipper of Qazlal Stormbringer
  3397 | Temple   | Reached * piety under Qazlal
  3397 | Temple   | Reached ** piety under Qazlal
  3668 | D:4      | Noticed Sigmund
  3679 | D:4      | Killed Sigmund
  3680 | D:4      | Reached skill level 7 in Dodging
  3680 | D:4      | Reached XP level 8. HP: 40/70 MP: 7/7
  3980 | D:4      | Found a broken altar of Ashenzari.
  4053 | D:4      | Noticed Grinder
  4080 | D:4      | Killed Grinder
  4081 | D:4      | Reached skill level 5 in Armour
  4377 | D:5      | Entered Level 5 of the Dungeon
  4413 | D:5      | Found Raxurr's Weapon Shop.
  4421 | D:5      | Reached skill level 8 in Dodging
  5452 | D:6      | Reached XP level 9. HP: 68/79 MP: 8/8
  5480 | D:5      | Reached skill level 9 in Dodging
  5784 | D:6      | Reached *** piety under Qazlal
  5954 | D:6      | Found a large runed translucent door.
  5954 | D:6      | Found a large runed translucent door.
  6275 | D:6      | Reached skill level 10 in Dodging
  6400 | D:6      | Found a burning altar of Makhleb.
  6470 | D:6      | Found a stormy altar of Qazlal.
  6657 | D:6      | Found a shimmering altar of Xom.
  6822 | D:7      | Reached XP level 10. HP: 77/90 MP: 9/9
  6994 | D:7      | Found a burning altar of Makhleb.
  6994 | D:7      | Found a blossoming altar of Fedhas.
  7763 | D:8      | Noticed Maurice
  7765 | D:8      | Something stole a +2 scimitar
  7768 | D:8      | Something stole an orb of light
  7770 | D:8      | Something stole a ring of fire
  7773 | D:8      | Something stole 174 gold
  7777 | D:8      | Something stole 33 gold
  7779 | D:8      | Something stole 48 gold
  7782 | D:8      | Killed Maurice
  7783 | D:8      | Reached skill level 11 in Dodging
  8229 | D:8      | Reached **** piety under Qazlal
  8463 | D:8      | Identified the +7 rapier of the Beastly God {flame, rN+}
  9153 | D:8      | Found a staircase to the Lair.
  9983 | D:9      | Identified the +5 ring mail of Noughts and Crosses {rF+
                  | Will- Slay+2}
 10060 | D:9      | Reached skill level 12 in Dodging
 10327 | D:9      | Reached XP level 11. HP: 84/99 MP: 10/10
 10372 | D:9      | Identified the +6 mace of Nouser {vamp, rC- MP+9 Int+6
                  | Stlth+}
 10721 | D:10     | Entered Level 10 of the Dungeon
 10848 | D:10     | Reached skill level 10 in Fighting
 11170 | D:10     | Found a shimmering altar of Xom.
 11220 | D:10     | Reached skill level 10 in Long Blades
 11732 | D:11     | Found a transporter.
 11732 | D:11     | Noticed tish's ghost (journeyman MiBe)
 12520 | D:11     | Found a transporter.
 12645 | D:12     | Noticed a boulder beetle
 12681 | D:12     | Killed a boulder beetle
 12738 | D:12     | Found a staircase to the Orcish Mines.
 13050 | D:12     | Reached skill level 13 in Dodging
 13088 | D:12     | Noticed a two-headed ogre
 13331 | Lair:1   | Entered Level 1 of the Lair of Beasts
 13732 | Lair:1   | Reached skill level 10 in Armour
 13734 | Lair:1   | Reached ***** piety under Qazlal
 13954 | Lair:2   | Noticed a death yak
 13968 | Lair:2   | Noticed a death yak
 13970 | Lair:2   | Noticed a death yak
 13972 | Lair:2   | Noticed a death yak
 13973 | Lair:2   | Noticed a death yak
 13975 | Lair:2   | Noticed a death yak
 13983 | Lair:2   | Killed a death yak
 14412 | Lair:2   | Reached XP level 12. HP: 78/110 MP: 11/11
 14434 | Lair:2   | Noticed an eleionoma
 14457 | Lair:2   | Killed an eleionoma
 14458 | Lair:2   | Reached skill level 14 in Dodging
 14559 | Lair:2   | Found a staircase to the Swamp.
 14774 | Lair:2   | Killed a death yak
 14789 | Lair:2   | Killed a death yak
 14792 | Lair:2   | Killed a death yak
 14921 | Lair:2   | Killed a death yak
 14928 | Lair:2   | Killed a death yak
 15202 | Lair:2   | Found a staircase to the Snake Pit.
 15635 | D:2      | Bought a scroll of acquirement for 676 gold pieces
 15683 | D:2      | Bought a fizzy yellow potion for 22 gold pieces
 15683 | D:2      | Bought a fuming coppery potion for 22 gold pieces
 15718 | D:2      | Bought a dark potion for 24 gold pieces
 16052 | Lair:3   | Reached skill level 15 in Dodging
 16442 | Lair:3   | Reached ****** piety under Qazlal
 16445 | Lair:3   | Noticed a death yak
 16459 | Lair:3   | Noticed a death yak
 16461 | Lair:3   | Noticed a death yak
 16465 | Lair:3   | Killed a death yak
 16471 | Lair:3   | Killed a death yak
 16481 | Lair:3   | Killed a death yak
 16482 | Lair:3   | Reached XP level 13. HP: 83/119 MP: 12/12
 17354 | D:1      | Bought an amethyst potion for 25 gold pieces
 17354 | D:1      | Bought a golden potion for 25 gold pieces
 17354 | D:1      | Bought a coppery potion for 25 gold pieces
 17601 | D:12     | Reached skill level 16 in Dodging
 18214 | D:12     | Acquired 620 gold pieces
 18216 | D:12     | Acquired the +4 great sword "Killer Bee's Death" {heavy,
                  | +Blink}
 18851 | Lair:5   | Entered Level 5 of the Lair of Beasts
 19008 | Lair:5   | Found a viscous altar of Jiyva.
 19009 | Lair:5   | Found a staircase to the Slime Pits.
 19085 | Lair:5   | Reached skill level 17 in Dodging
 19199 | Lair:5   | Noticed a dire elephant
 19316 | Lair:5   | Reached XP level 14. HP: 107/130 MP: 13/13
 20634 | Lair:5   | Reached skill level 18 in Dodging
 21035 | Orc:1    | Entered Level 1 of the Orcish Mines
 21096 | Orc:2    | Entered Level 2 of the Orcish Mines
 21199 | Orc:2    | Found a staircase to the Elven Halls.
 21252 | Orc:1    | Noticed Fannar
 21252 | Orc:1    | Found a burning altar of Makhleb.
 21257 | Orc:1    | Noticed Nergalle
 21263 | Orc:1    | Killed Fannar
 22171 | Orc:2    | Found Canaosk's General Store.
 22171 | Orc:2    | Found Ommunelu's Jewellery Shop.
 22477 | Orc:2    | Found Yniudox's Jewellery Shoppe.
 22477 | Orc:2    | Found Cani's Assorted Antiques.
 22492 | Orc:2    | Bought a coppery potion for 20 gold pieces
 22492 | Orc:2    | Bought a scroll labelled EMUTUB OGHUARO for 23 gold pieces
 22492 | Orc:2    | Bought a blackened ruby ring for 115 gold pieces
 22492 | Orc:2    | Bought a bloodstained chain mail for 218 gold pieces
 22492 | Orc:2    | Identified the +1 chain mail "Okkueg" {rC- Int+4 Dex+6}
                  | (You bought it in a shop on level 2 of the Orcish Mines)
 22492 | Orc:2    | Bought a sapphire potion for 20 gold pieces
 22716 | Snake:1  | Identified the "Yvvumok Kixt"
 22716 | Snake:1  | Entered Level 1 of the Snake Pit
 22983 | Lair:2   | HP: 2/133 [poisoned by a black mamba]
 23454 | Elf:1    | Identified the "Woch"
 23454 | Elf:1    | Identified the "Anipn"
 23454 | Elf:1    | Entered Level 1 of the Elven Halls
 23514 | Elf:1    | Reached XP level 15. HP: 139/139 MP: 14/14
 23648 | Elf:1    | HP: 2/139 [+2 halberd of flaming (6)]
 23649 | Elf:1    | Mangled by a +2 halberd of flaming

Illustrated notes

Levels and vault maps discovered:
D:1:      wander_arrival_fairy_ring, layout_basic, serial_shops, shop,
          nicolae_shop_pleasant_corner_grove, nicolae_shop_waterfront, shop,
          nicolae_shop_behind_doors, chequers_serial_rivers_small_3
D:2:      layout_rooms, serial_shops, shop, shop, shop, shop, shop,
          grunt_decor_fettered
D:3:      layout_basic, slow_altar_2, lemuel_blue_sif_altar, serial_shops, shop,
          hangedman_decor_push
D:4:      layout_cave_pools, nicolae_ashenzari_panopticon,
          minmay_temple_entry_butterflies, uniq_grinder, uniq_sigmund,
          uniq_menkaure, uniq_pikel
D:5:      layout_gridville, serial_shops, shop, nrook_mini_vaults
D:6:      due_chaos_kobolds, layout_basic, blue_anna_alchemist,
          hangedman_feature_mirror, grunt_ministairs_2,
          serial_library_hellmonk_room_b, nicolae_kite_square_tiling_tiny,
          hangedman_decor_peaks_small, nicolae_concentric_dashed_squares_mild
D:7:      layout_gridville, jmf_multi_god_temple
D:8:      layout_basic, grunt_lair_entry_orc_guard_hut, minivault_27,
          uniq_maurice
D:9:      layout_loops_corners
D:10:     layout_gridville, lemuel_crystal_altar
D:11:     layout_stronghold, gammafunk_ghost_arena
D:12:     layout_basic, minmay_orc_entry_temple_small
Temple:   kb_temple_of_zot
Lair:1:   layout_gridlike, nicolae_lair_lil_pond
Lair:2:   layout_layer_cave, alex1729_swamp_entry_worm_eleionoma,
          minmay_snake_entry_guardpost_small, grunt_megastairs_1
Lair:3:   regret_index_wax_grids, layout_regular_city
Lair:4:   layout_big_grid
Lair:5:   due_jungle_book, layout_loops_ring, nicolae_slime_entry_slimehenge,
          gammafunk_lair_bear_cave
Snake:1:  gammafunk_sealed_library, layout_onion,
          nicolae_shop_i_like_small_books_too, uniq_kirke
Orc:1:    layout_diamond_mine, bloody_makhleb, uniq_nergalle, uniq_fannar,
          uniq_erolcha
Orc:2:    st_orc_town, layout_diamond_mine
Elf:1:    layout_geoelf_grid, minmay_elf_necromancy

Skill      XL: |  1  2  3  4  5  6  7  8  9 10 11 12 13 14 |
---------------+-------------------------------------------+-----
Long Blades    | 4 5 6 7 8 9 11 12 13 14 | 14.9
Armour         | 1 2 3 4 6 7 9 10 11 13 14 | 14.4
Fighting       | 4 5 6 7 8 9 11 12 13 14 | 14.9
Dodging        | 4 5 6 7 8 10 12 13 15 17 18 | 18.7

Action                     |  1- 3 |  4- 6 |  7- 9 | 10-12 | 13-15 || total
---------------------------+-------+-------+-------+-------+-------++-------
  Melee: Falchion          |    59 |   105 |   136 |    89 |       ||   389
         Headbutt          |    14 |    28 |    63 |   180 |   137 ||   422
         Scimitar          |       |       |    80 |     1 |       ||    81
         Rapier            |       |       |       |   602 |   132 ||   734
         Great sword       |       |       |       |       |   436 ||   436
    Use: Potion            |       |     1 |     1 |     2 |     8 ||    12
         Scroll            |       |       |       |    13 |     5 ||    18
 Armour: Robe              |    32 |    58 |    21 |       |       ||   111
         Chain mail        |       |       |   128 |       |    41 ||   169
         Steam dragon scal |       |       |     7 |    79 |       ||    86
         Acid dragon scale |       |       |       |    55 |       ||    55
         Troll leather arm |       |       |       |   180 |   226 ||   406
  Dodge: Dodged            |    53 |    70 |   141 |   363 |   559 ||  1186
         Repelled          |       |       |       |     1 |     6 ||     7
  Block: Orb               |       |       |    28 |     1 |       ||    29
         Kite shield       |       |       |       |   431 |   125 ||   556
         Other             |       |       |       |     1 |   215 ||   216

Table legend: (Time is in decaauts)
 A = Elapsed time spent in this place.
 B = Non-inter-level travel time spent in this place.
 C = Inter-level travel time spent in this place.
 D = Time resting spent in this place.
 E = Time spent auto-exploring this place.
 F = Levels seen in this place.
 G = Mean time per level.
                   A        B        C        D        E       F      G
               +--------+--------+--------+--------+--------+-----+--------+
         Total |  23988 |  21638 |   2350 |   4561 |  13146 |  22 | 1090.4 |
       Dungeon |  15272 |  13505 |   1767 |   2416 |   8993 |  12 | 1272.7 |
        Temple |     64 |      1 |     63 |      0 |      0 |   1 |   64.0 |
          Lair |   6778 |   6356 |    422 |   1484 |   3450 |   5 | 1355.6 |
     Snake Pit |     42 |     42 |      0 |      0 |      0 |   1 |   42.0 |
  Orcish Mines |   1629 |   1533 |     96 |    661 |    542 |   2 |  814.5 |
   Elven Halls |    201 |    201 |      0 |      0 |    161 |   1 |  201.0 |
               +--------+--------+--------+--------+--------+-----+--------+

Top non-repeatable levels by time:
     D:3: 2346 daAuts
  Lair:2: 2205 daAuts
  Lair:5: 2153 daAuts
     D:8: 2150 daAuts
    D:11: 1605 daAuts
     D:9: 1342 daAuts
    D:12: 1265 daAuts
  Lair:3: 1217 daAuts
     D:4: 1168 daAuts
     D:6: 1167 daAuts
     D:5: 1115 daAuts
   Orc:2: 1051 daAuts
     D:7: 962 daAuts
    D:10: 825 daAuts
     D:1: 722 daAuts
